 Dungeon Crawl Stone Soup version 0.27-a0-1559-g299f9947c5 (webtiles) character file.

Game seed: 15695518875472516709

101 Morbidden the Stinger (level 4, 0/32 HPs)
             Began as a Demonspawn Venom Mage on July 16, 2021.
             Succumbed to a kobold brigand's poison
             ... on level 7 of the Dungeon.
             The game lasted 00:04:53 (4097 turns).

Morbidden the Stinger (Demonspawn Venom Mage)       Turns: 4097, Time: 00:04:54

Health: 0/32       AC:  2    Str:  9    XL:     4   Next: 48%
Magic:  5/8        EV: 12    Int: 17    God:
Gold:   86         SH:  0    Dex: 13    Spells: 6/9 levels left

rFire    . . .     SeeInvis .   h - staff of death
rCold    . . .     Faith    .   (no shield)
rNeg     + . .     Spirit   .   a - +0 robe
rPois    .         Reflect  .   (helmet restricted)
rElec    .         Harm     .   (no cloak)
rCorr    .         Rampage  .   (no gloves)
Will     .....                  (no boots)
Stlth    ++........             (no amulet)
HPRegen  0.10/turn              (no ring)
MPRegen  0.11/turn              (no ring)

@: lethally poisoned (0 -> -5)
A: horns 2
a: no special abilities


You were on level 7 of the Dungeon.
You visited 1 branch of the dungeon, and saw 6 of its levels.

You collected 86 gold pieces.

Inventory:

Armour
 a - a +0 robe (worn)
 j - a +0 buckler
Magical Staves
 h - a staff of death (weapon)
Scrolls
 d - a scroll of enchant armour {unknown}
 e - a scroll of noise {unknown}
 f - a scroll of teleportation {unknown}
 g - a scroll of fear {unknown}
 i - 2 scrolls of identify {unknown}
Potions
 c - 2 potions of curing {unknown}


   Skills:
 * Level 1.2 Fighting
 + Level 0.1 Staves
 + Level 1.8 Dodging
 + Level 1.7 Stealth
 * Level 3.1 Spellcasting
 + Level 1.5 Transmutations
 + Level 0.1 Air Magic
 * Level 3.9 Poison Magic


You had 6 spell levels left.
You knew the following spells:

 Your Spells              Type           Power      Damage    Failure   Level
a - Sting                 Tmut/Pois      44%        1d5       5%          1
b - Poisonous Vapours     Pois/Air       18%        N/A       12%         2

Your spell library contained the following spells:

 Spells                   Type           Power      Damage    Failure   Level
 Wereblood                Tmut           7%         N/A       14%         2
 Corona                   Hex            2%         N/A       17%         1
 Ensorcelled Hibernation  Hex/Ice        4%         N/A       26%         2
 Sublimation of Blood     Necr           1%         N/A       26%         2
 Mephitic Cloud           Conj/Pois/Air  7%         N/A       30%         3
 Olgreb's Toxic Radiance  Pois           15%        N/A       34%         4
 Frozen Ramparts          Ice            4%         1d2       45%         3
 Tukima's Dance           Hex            2%         N/A       45%         3
 Ice Form                 Ice/Tmut       5%         N/A       77%         4
 Summon Ice Beast         Ice/Summ       2%         N/A       86%         4
 Summon Hydra             Summ           1%         N/A       100%        7


Dungeon Overview and Level Annotations

Branches:
Dungeon (7/15)
 Temple: D:4-7

Altars:
Wu Jian

Shops:
D:2 *   D:3 (*[=

Annotations:
D:3 1 runed translucent door, kelmiir's ghost, amateur GnEE
D:4 1 transporter, Morbidden's ghost, amateur DsAE


Innate Abilities, Weirdness & Mutations

You have a pair of horns on your head.


Message History

Aim: a kobold brigand, wielding a +0 dagger and quivering poisoned darts Poisonous vapours surround the kobold brigand!
The kobold brigand is poisoned.
The kobold hits you with a +0 dagger. The kobold hits you with a +0 whip.
The kobold brigand hits you with a +0 dagger.
Unknown command.
Casting: Poisonous Vapours (safe; 12% risk of failure)
Confirm with . or Enter, or press ? or * to list all spells.
Aiming: Sting (safe; 5% risk of failure)
Press: ? - help, Shift-Dir - straight line, f/p - kobold brigand
Aim: a kobold brigand, wielding a +0 dagger and quivering poisoned darts (lightly wounded, poisoned, 64% to hit)
The sting hits the kobold brigand.
The kobold brigand looks even sicker.
The kobold brigand is lightly wounded.
The kobold hits you but does no damage. The kobold hits you with a +0 whip.
The kobold brigand hits you with a +0 dagger!
Unknown command.
Casting: Sting (safe; 5% risk of failure)
Confirm with . or Enter, or press ? or * to list all spells.
Aiming: Sting (safe; 5% risk of failure)
Press: ? - help, Shift-Dir - straight line, f - kobold, p - kobold brigand
Aim: a kobold, wielding a +0 whip and quivering poisoned darts (64% to hit)
The sting hits the kobold.
The kobold is poisoned.
The kobold is heavily wounded.
You kill the kobold!
The kobold hits you with a +0 dagger. The kobold brigand barely misses you.
Unknown command.
The kobold barely misses you. The kobold brigand barely misses you.
Items here: ( )) †.
The kobold throws a stone.
The stone hits you.
The kobold brigand hits you with a +0 dagger.
* * * LOW HITPOINT WARNING * * *
The kobold brigand throws a poisoned dart.
The poisoned dart hits you!
You are lethally poisoned!
* * * LOW HITPOINT WARNING * * *
You feel sick.
* * * LOW HITPOINT WARNING * * *
You feel sick.
The kobold throws a stone.
The stone hits you.
* * * LOW HITPOINT WARNING * * *
You die...

#.# #.#
#.####### #.#
#.# #.# #.# #.#
#.# #.# #.####.#
#.# #......# #.#
#..##### #.#
#..)<#
#.#########.).##
#.....@...KK...#
################


You could see a kobold brigand (poisoned) and a kobold.

Vanquished Creatures
  A hound (D:4)
  An adder (D:3)
  A worm (D:2)
  An orc (D:4)
  6 bats
  5 endoplasms
  3 giant cockroaches (D:3)
  5 goblins
  4 hobgoblins
  4 jackals (D:2)
  9 kobolds
  4 quokkas
  3 ball pythons
  A frilled lizard (D:2)
  A jackal skeleton (D:4)
  3 rats
52 creatures vanquished.

Notes
Turn   | Place    | Note
-------+----------+-------------------------------------------
     0 | D:1      | Morbidden the Demonspawn Venom Mage began the quest for the
                  | Orb.
     0 | D:1      | Reached XP level 1. HP: 13/13 MP: 3/3
   215 | D:1      | Reached skill level 1 in Transmutations
   458 | D:1      | Gained mutation: You have a pair of small horns on your
                  | head. [demonic ancestry]
   458 | D:1      | Reached XP level 2. HP: 20/20 MP: 3/5
   473 | D:1      | Learned a level 2 spell: Poisonous Vapours
   701 | D:1      | You fall into a shaft and drop 1 floor!
  1713 | D:2      | Found Fonoddox's Assorted Antiques.
  2069 | D:3      | Gained mutation: You have a pair of horns on your head.
                  | [demonic ancestry]
  2069 | D:3      | Reached XP level 3. HP: 21/25 MP: 1/6
  2266 | D:3      | Reached skill level 1 in Fighting
  2657 | D:3      | Found Madghecraug's Weapon Emporium.
  2810 | D:3      | Found Seoloyj's Assorted Antiques.
  2884 | D:3      | Found Xuczuqyg's Jewellery Emporium.
  2919 | D:3      | Found Xicveuco's Armour Shop.
  3341 | D:3      | Found a runed translucent door.
  3342 | D:3      | Noticed kelmiir's ghost (amateur GnEE)
  3342 | D:3      | Noticed a bullfrog
  3479 | D:4      | Found a transporter.
  3514 | D:4      | Reached XP level 4. HP: 14/32 MP: 0/8
  3763 | D:4      | Noticed Morbidden's ghost (amateur DsAE)
  3764 | D:4      | Noticed a scorpion
  3942 | D:4      | You fall into a shaft and drop 3 floors!
  4009 | D:7      | Found an ornate altar of the Wu Jian Council.
  4014 | D:7      | Noticed an ice beast
  4034 | D:6      | Noticed a kobold brigand
  4096 | D:7      | HP: 1/32 [kobold/stone (2)]
  4097 | D:7      | Succumbed to a kobold brigand's poison

Illustrated notes

Levels and vault maps discovered:
D:1:      co_arrival_square_in_a_square_in_a_square, layout_loops_ring,
          hellmonk_ecumenical_altar_defaced_shrine, serial_bayou_ford_a
D:2:      layout_basic, serial_shops, nicolae_shop_overgrown_old_shop
D:3:      layout_basic, serial_shops,
          nicolae_shop_temple_entry_statues_fountains, nicolae_square_shop,
          nicolae_shop_stone, nicolae_shop_behind_doors,
          ebering_ghost_inner_flame
D:4:      layout_loops_ring, nicolae_ru_awakened_eye, gammafunk_ghost_arena
D:6:      layout_basic, nicolae_overflow_crystal_walls
D:7:      layout_basic, mainiacjoe_overflow_concentric_impassable

Skill      XL: |  1  2  3 |
---------------+----------+-----
Transmutations | 1 |  1.5
Fighting       | 1 |  1.2
Spellcasting   | 3 |  3.1
Staves         | |  0.1
Dodging        | |  1.8
Stealth        | |  1.7
Air Magic      | |  0.1
Poison Magic   | |  3.9

Action                   |  1- 3 |  4- 6 || total
-------------------------+-------+-------++-------
Melee: Unarmed           |    23 |       ||    23
       Staff             |    31 |     8 ||    39
       Headbutt          |     3 |     1 ||     4
 Cast: Sting             |    74 |    17 ||    91
       Poisonous Vapours |     7 |     2 ||     9
  Use: Potion            |     1 |       ||     1
Armor: Robe              |    15 |     2 ||    17
       Skin              |    17 |     4 ||    21
Dodge: Dodged            |    68 |    11 ||    79

Table legend: (Time is in decaauts)
 A = Elapsed time spent in this place.
 B = Non-inter-level travel time spent in this place.
 C = Inter-level travel time spent in this place.
 D = Time resting spent in this place.
 E = Time spent auto-exploring this place.
 F = Levels seen in this place.
 G = Mean time per level.
                   A        B        C        D        E       F      G
               +--------+--------+--------+--------+--------+-----+--------+
         Total |   4105 |   3860 |    245 |    539 |   2910 |   6 |  684.2 |
       Dungeon |   4105 |   3860 |    245 |    539 |   2910 |   6 |  684.2 |
               +--------+--------+--------+--------+--------+-----+--------+

Top non-repeatable levels by time:
     D:3: 1398 daAuts
     D:2: 1353 daAuts
     D:1: 701 daAuts
     D:4: 495 daAuts
     D:7: 149 daAuts
     D:6: 6 daAuts
